 Dungeon Crawl Stone Soup version 0.26-a0-1126-g3318b609a0 (webtiles) character file.

Game seed: 14721642986373317554

63 vvl the Sneak (level 3, -5/18 HPs)
             Began as a Spriggan Brigand on Dec 17, 2020.
             Was a Follower of Cheibriados.
             Slain by a river rat (9 damage)
             ... on level 4 of the Dungeon.
             The game lasted 00:06:15 (1734 turns).

vvl the Sneak (Spriggan Brigand)                    Turns: 1734, Time: 00:06:21

Health: -5/18      AC:  3    Str:  9    XL:     3   Next: 87%
Magic:  4/4        EV: 18    Int: 14    God:    Cheibriados [*.....]
Gold:   88         SH:  0    Dex: 20    Spells: 2/2 levels left

rFire    . . .     SeeInvis +   a - +2 dagger
rCold    . . .     Faith    .   (shield restricted)
rNeg     . . .     Spirit   .   b - +0 robe
rPois    .         Reflect  .   (helmet restricted)
rElec    .         Harm     .   c - +0 cloak
rCorr    .         Rampage  .   (gloves unavailable)
Will     .....                  (boots unavailable)
Stlth    ++........             (no amulet)
HPRegen  0.06/turn              (no ring)
MPRegen  0.09/turn              (no ring)

@: very slow
A: very small, unfitting armour, see invisible, speed 3
a: Renounce Religion, Bend Time


You were on level 4 of the Dungeon.
You worshipped Cheibriados.
Cheibriados was aware of your devotion.
You visited 1 branch of the dungeon, and saw 4 of its levels.

You collected 88 gold pieces.

Inventory:

Hand Weapons
 a - a +2 dagger (weapon)
Missiles
 d - 22 poisoned darts (quivered)
 e - 2 curare-tipped darts
 g - 5 javelins
Armour
 b - a +0 robe (worn)
 c - a +0 cloak (worn)
 n - a cursed +0 ring mail
Scrolls
 h - 3 scrolls of fear {unknown}
 j - 3 scrolls of teleportation {unknown}
 k - a scroll of noise {unknown}
 m - a scroll of remove curse {unknown}
Potions
 f - a potion of berserk rage {unknown}
 i - 2 potions of magic {unknown}
 l - a potion of attraction {unknown}
 o - a potion of ambrosia {unknown}


   Skills:
 + Level 2.0 Fighting
 + Level 2.8 Short Blades
 - Level 2.0 Throwing
 + Level 2.8 Dodging
 * Level 7.0 Stealth


You had 2 spell levels left.
You didn't know any spells.
Your spell library was empty.

Dungeon Overview and Level Annotations

Branches:
Dungeon (4/15)
 Temple: D:4-7

Altars:
Cheibriados

Annotations:
D:4 Natasha


Innate Abilities, Weirdness & Mutations

You are very small and have problems with some larger weapons.
You are too small for most types of armour.
You have supernaturally acute eyesight. (SInv)
You cover ground extremely quickly.


Message History

You see here a scroll labelled DANNYE TAT UFI.
Natasha mumbles some strange words.
Found a glowing brass wand.
A giant cockroach comes into view.
Found 14 poisoned darts.
Found a robe.
A worm comes into view.
A river rat comes into view.
Found 13 gold pieces.
A worm comes into view.
You hear the slow rusting of a drain nearby.
Found a stone staircase leading down.
You enter the shallow water.
Moving in this stuff is going to be slow.
A worm comes into view.
The crimson imp shouts!
The crimson imp disappears in a puff of smoke!
The river rat bites you!
Ouch! That really hurt!
You die...

#> #.. # #..########w#
#..≈≈≈≈≈w≈≈ ######
#..≈≈#≈#r##### .....#
....≈w≈@≈≈≈..# ....o#
........≈....# .....#
.............#
....[###.......oo...###
...!.........§.....###
.....## #............#
....o.###.......o....#
.####..##.#####...##.$.#
.# ##..#.# ###.# #.....


You could see 3 worms, a river rat and 3 orcs.

Vanquished Creatures
  2 adders (D:2)
  A worm (D:2)
  3 dart slugs
  2 leopard geckos
  2 giant cockroaches
  6 goblins
  4 hobgoblins
  A kobold (D:1)
  A quokka (D:2)
  A ball python (D:1)
  3 bats
  2 frilled lizards
  6 rats
34 creatures vanquished.

Notes
Turn   | Place    | Note
-------+----------+-------------------------------------------
     0 | D:1      | vvl the Spriggan Brigand began the quest for the Orb.
     0 | D:1      | Reached XP level 1. HP: 10/10 MP: 2/2
   172 | D:1      | Reached skill level 6 in Stealth
   253 | D:1      | Reached XP level 2. HP: 15/15 MP: 3/3
   931 | D:2      | Reached XP level 3. HP: 16/18 MP: 4/4
  1573 | D:2      | Found a faded altar of an unknown god.
  1588 | D:2      | Became a worshipper of Cheibriados the Contemplative
  1588 | D:2      | Reached * piety under Cheibriados
  1612 | D:2      | Reached skill level 7 in Stealth
  1706 | D:4      | Noticed Natasha
  1734 | D:4      | Slain by a river rat

Illustrated notes

Levels and vault maps discovered:
D:1:      mrwooster_arrival_statue_2, layout_loops_corners
D:2:      layout_rooms, chequers_ecumenical_altar_simple, st_stairs_9,
          grunt_ministairs_4, minmay_pentomino_w2
D:3:      layout_rooms, minitemple, okawaru_trees_2
D:4:      layout_rooms, grunt_temple_overflow_octagram,
          lightli_sewer_entry_pipes, uniq_natasha

Skill      XL: |  1  2  3 |
---------------+----------+-----
Stealth        | 6 7 |  7.0
Dodging        | 2 |  2.8
Fighting       | 2 |  2.0
Short Blades   | |  2.8
Throwing       | |  2.0

Action                   || total
-------------------------++-------
Melee: Dagger            ||   108
 Stab: Sleeping          ||     8
Armor: Robe              ||     7
Dodge: Dodged            ||    72

Table legend: (Time is in decaauts)
 A = Elapsed time spent in this place.
 B = Non-inter-level travel time spent in this place.
 C = Inter-level travel time spent in this place.
 D = Time resting spent in this place.
 E = Time spent auto-exploring this place.
 F = Levels seen in this place.
 G = Mean time per level.
                   A        B        C        D        E       F      G
               +--------+--------+--------+--------+--------+-----+--------+
         Total |   1364 |   1242 |    122 |    135 |    846 |   4 |  341.0 |
       Dungeon |   1364 |   1242 |    122 |    135 |    846 |   4 |  341.0 |
               +--------+--------+--------+--------+--------+-----+--------+

Top non-repeatable levels by time:
     D:2: 677 daAuts
     D:1: 576 daAuts
     D:4: 103 daAuts
     D:3: 6 daAuts
